 Dungeon Crawl Stone Soup version 0.23.2-1-ga50397a6bc (webtiles) character file.

Game seed: 944772394226039124

1316 Mrkan the Cudgeler (level 8, -3/51 HPs)
             Began as a Gargoyle Fighter on May 14, 2019.
             Was a Follower of Qazlal.
             Slain by a mummy (9 damage)
             ... in an ossuary.
             The game lasted 00:13:40 (5795 turns).

Mrkan the Cudgeler (Gargoyle Fighter)               Turns: 5795, Time: 00:13:41

Health: -3/51      AC: 16    Str: 29    XL:     8   Next: 59%
Magic:  10/10      EV:  8    Int: 11    God:    Qazlal [*.....]
Gold:   305        SH: 13    Dex:  9    Spells: 7/7 levels left

rFire    . . .     SeeInvis .   a - +0 flail
rCold    . . .     Gourm    .   c - +0 shield
rNeg     + . .     Faith    .   b - +0 scale mail
rPois    ∞         Spirit   .   (no helmet)
rElec    +         Reflect  .   q - +2 cloak
rCorr    .         Harm     .   (no gloves)
MR       .....                  (no boots)
Stlth    ..........             (no amulet)
HPRegen  0.17/turn              i - +4 ring of strength
MPRegen  0.12/turn              (no ring)

@: mighty
A: deterioration 1, negative energy resistance 1, electricity resistance, wild
magic 1, unbreathing, petrification resistance, rot immunity, AC +5
a: Renounce Religion


You were in an ossuary.
You worshipped Qazlal.
Qazlal was aware of your devotion.
You were hungry.

You visited 2 branches of the dungeon, and saw 8 of its levels.
You also visited: Ossuary.

You collected 305 gold pieces.

Inventory:

Hand Weapons
 a - a +0 flail (weapon)
 l - a +0 vampiric whip
Missiles
 G - 5 poisoned needles
Armour
 b - a +0 scale mail (worn)
 c - a +0 shield (worn)
 q - a +2 cloak (worn)
Magical Staves
 J - an uncursed staff of air {unknown}
Jewellery
 i - a +4 ring of strength (left hand)
 j - an uncursed ring of magical power {unknown}
 k - an uncursed ring of stealth {unknown}
 m - a cursed -3 ring of intelligence
 s - an uncursed ring of wizardry {unknown}
 y - a cursed ring of positive energy {unknown}
 C - an uncursed ring of protection from magic {unknown}
 D - an uncursed ring of flight {unknown}
Wands
 A - a wand of flame (19)
Scrolls
 e - 3 scrolls of identify
 g - 3 scrolls of teleportation
 n - 5 scrolls of remove curse
 p - 2 scrolls of immolation {unknown}
 r - a scroll of fog {unknown}
 t - a scroll of magic mapping {unknown}
 v - a scroll of amnesia {unknown}
 x - 2 scrolls of fear {unknown}
 B - a scroll of enchant armour {unknown}
 F - a scroll of blinking {unknown}
 H - a scroll of random uselessness {unknown}
Potions
 h - 3 potions of mutation
 o - 2 potions of lignification {unknown}
 u - 4 potions of curing
 w - a potion of heal wounds {unknown}
 z - a potion of ambrosia {unknown}
 E - a potion of agility {unknown}
 I - a potion of haste {unknown}
Comestibles
 f - 11 rations


   Skills:
 + Level 5.9 Fighting
 * Level 6.7 Maces & Flails
 - Level 4.5 Armour
 + Level 6.0 Shields
 + Level 3.4 Invocations


You had 7 spell levels left.
You didn't know any spells.
Your spell library was empty.

Dungeon Overview and Level Annotations

Branches:
Dungeon (7/15)             Temple (1/1) D:5

Altars:
Ashenzari
Cheibriados
Fedhas
Gozag
Hepliaklqana
Makhleb
Okawaru
Qazlal
Sif Muna
Trog
Uskayaw
Vehumet
Wu Jian
Xom
Yredelemnul
The Shining One

Shops:
D:4 (

Annotations:
D:2 2 transporters


Innate Abilities, Weirdness & Mutations

You are resistant to torment.
Your stone body is resilient. (AC +5)
You are immune to poison.
You resist negative energy. (rN+)
You are resistant to electric shocks. (rElec)
You can survive without breathing.
You are immune to petrification.
You are immune to rotting.
Your body sometimes deteriorates upon taking damage.
Your spells are a little harder to cast, but a little more powerful.


Message History

You block the mummy's attack. The human zombie completely misses you.
A mummy comes into view.
There is an empty arch of ancient stone here.
You sock the mummy!
The mummy is heavily damaged.
The mummy hits you but does no damage. The human zombie closely misses you.
You block the mummy's attack.
You thump the mummy!
You destroy the mummy!
Qazlal accepts your kill.
Your Shields skill increases to level 6!
The human zombie hits you but does no damage.
The gnoll zombie hits you.
* * * LOW HITPOINT WARNING * * *
You block the mummy's attack.
The human zombie is engulfed in freezing vapours.
The human zombie hits you.
* * * LOW HITPOINT WARNING * * *
The mummy hits you!
You die...

.....#####.......
.................
................. .
...............## ..
...............##...
....................
...................#
..........M.......#
.......∩.Z@.§.....#
.......∩..ZM......#
...................#
....................
....................
...............##...
...............# ...
................ ..


You could see 2 mummies, a gnoll zombie and a human zombie.

Vanquished Creatures
  A necrophage (D:7)
  An ogre (D:6)
  2 centaurs (D:6)
  An elf zombie (Ossuary)
  2 bullfrogs (D:6)
  A scorpion (D:6)
  A howler monkey (D:4)
  2 crimson imps
  A hound (D:6)
  A human zombie (Ossuary)
  2 jellies
  4 orc priests
  An orc wizard (D:5)
  A bullfrog skeleton (D:4)
  2 worker ants
  A hound zombie (D:6)
  2 mummies (Ossuary)
  Robin (D:2)
  4 adders
  3 gnolls (D:3)
  A howler monkey skeleton (D:4)
  3 oozes
  3 adder skeletons
  An adder zombie (Ossuary)
  2 worms (D:3)
  3 dart slugs
  5 leopard geckos
  11 orcs
  A ball python (D:3)
  7 giant cockroaches
  2 gnoll zombies (Ossuary)
  17 goblins
  11 hobgoblins
  12 jackals
  A quokka (D:6)
  9 bats
  5 frilled lizards
  A goblin zombie (Ossuary)
  A hobgoblin zombie (Ossuary)
  A jackal zombie (Ossuary)
  8 kobolds
  A leopard gecko skeleton (D:5)
  An orc zombie (Ossuary)
  2 quokka skeletons
  7 rats
  A rat zombie (Ossuary)
151 creatures vanquished.

Notes
Turn   | Place    | Note
-------+----------+-------------------------------------------
     0 | D:1      | Mrkan the Gargoyle Fighter began the quest for the Orb.
     0 | D:1      | Reached XP level 1. HP: 14/14 MP: 1/1
    94 | D:1      | Reached XP level 2. HP: 16/19 MP: 2/2
   313 | D:1      | Reached XP level 3. HP: 9/23 MP: 3/3
   941 | D:2      | Found a transporter.
  1099 | D:2      | Reached XP level 4. HP: 29/29 MP: 4/4
  1280 | D:2      | Found an iron altar of Okawaru.
  1284 | D:2      | Found a transporter.
  1292 | D:2      | Noticed Robin
  1357 | D:2      | Killed Robin
  1795 | D:3      | Reached XP level 5. HP: 19/33 MP: 5/5
  1826 | D:3      | Found a shattered altar of Ashenzari.
  2845 | D:4      | Found Bogufitzic's Weapon Shop.
  2877 | D:4      | Reached XP level 6. HP: 22/38 MP: 6/6
  3243 | D:4      | Found a bloodstained altar of Trog.
  3394 | D:5      | Entered Level 5 of the Dungeon
  3662 | D:5      | Found an ornate altar of the Wu Jian Council.
  3738 | D:5      | Found a staircase to the Ecumenical Temple.
  3762 | Temple   | Entered the Ecumenical Temple
  4049 | Temple   | Became a worshipper of Qazlal Stormbringer
  4120 | D:5      | HP: 1/39 [orc priest/divine providence (14)]
  4460 | D:5      | Reached XP level 7. HP: 25/44 MP: 7/7
  4562 | D:5      | Reached skill level 5 in Maces & Flails
  4562 | D:5      | Reached skill level 1 in Invocations
  4737 | D:5      | Found a glowing golden altar of the Shining One.
  4814 | D:6      | Reached skill level 5 in Fighting
  4814 | D:6      | Reached skill level 5 in Shields
  5044 | D:6      | Reached * piety under Qazlal
  5112 | D:6      | Reached XP level 8. HP: 49/49 MP: 9/9
  5722 | D:7      | Found a sand-covered staircase.
  5734 | Ossuary  | Entered an ossuary
  5773 | Ossuary  | Gained mutation: Your body sometimes deteriorates upon
                  | taking damage. [potion of mutation]
  5773 | Ossuary  | Gained mutation: Your spells are a little harder to cast,
                  | but a little more powerful. [potion of mutation]
  5795 | Ossuary  | Slain by a mummy

Skill      XL: |  1  2  3  4  5  6  7  8 |
---------------+-------------------------+-----
Maces & Flails | 3 4 5 6 |  6.7
Fighting       | 4 5 |  5.9
Armour         | 4 |  4.5
Shields        | 4 5 6 |  6.0
Invocations    | 2 3 |  3.4

Action                   |  1- 3 |  4- 6 |  7- 9 || total
-------------------------+-------+-------+-------++-------
Melee: Flail             |   210 |   323 |   199 ||   732
  Use: Scroll            |       |     5 |       ||     5
       Potion            |       |       |     3 ||     3
  Eat: Chunk             |       |     9 |     4 ||    13
       Ration            |       |     1 |       ||     1
Armor: Scale mail        |   182 |   212 |   145 ||   539
Dodge: Dodged            |   100 |    94 |    90 ||   284
Block: Shield            |   153 |   194 |   176 ||   523
